 Dungeon Sprint DCSS version 0.17-a0-1324-ga541562 (webtiles) character file.

12529 Kidiri the Unseen (level 11, -14/47 HPs)
             Began as a Spriggan Enchanter on June 9, 2015.
             Was a High Priest of Dithmenos.
             Demolished by a chaos spawn (20 damage)
             ... summoned by an orc high priest
             ... in the Dungeon (Sprint III: "The Ten Rune Challenge").
             The game lasted 00:12:10 (2256 turns).

Kidiri the Unseen (Spriggan Enchanter)              Turns: 2256, Time: 00:12:11

Health: -14/47     AC:  7    Str:  4    XL:     11   Next: 63%
Magic:  19/30      EV: 30    Int: 18    God:    Dithmenos [*****.]
Gold:   40         SH:  0    Dex: 19    Spells: 7 memorised, 19 levels left

rFire  . . .     SeeInvis +     a - +1 dagger
rCold  . . .     Rnd*Rage +     b - +1 robe
rNeg   . . .     SustAt   .     (shield restricted)
rPois  .         Gourm    .     (helmet restricted)
rElec  +         Spirit   .     (no cloak)
rCorr  .         Warding  .     (gloves unavailable)
rMut   .         NoTele   +     (boots unavailable)
MR     +....                    (no amulet)
Stlth  ++++++++++               (no ring)
                                (no ring)

@: wreathed by umbra, very quick, somewhat resistant to hostile enchantments,
uncannily stealthy
A: unfitting armour, iridescent scales 1, see invisible, berserk 1, herbivore 3,
speed 3, mutation resistance 1, electricity resistance, slow metabolism 2, wild
magic 1
a: Shadow Step, Shadow Form, Renounce Religion


You were in the Dungeon.
You worshipped Dithmenos.
Dithmenos was extremely pleased with you.
You were not hungry.

You visited 1 branch You collected 40 gold pieces.

Inventory:

Hand weapons
 a - a +1 dagger (weapon)
 u - a +0 blowgun
Missiles
 v - 7 curare-tipped needles
Armour
 b - a +1 robe (worn)
Magical devices
 t - a wand of polymorph (13)
Scrolls
 l - a scroll of torment {unknown}
 n - 2 scrolls of remove curse
 r - a scroll of immolation {unknown}
Potions
 e - 2 potions of curing
 f - a potion of heal wounds
 g - a potion of haste
 h - 2 potions of magic
 k - a potion of berserk rage
 m - a potion of might
 p - 2 potions of cure mutation {unknown}
 q - 2 potions of flight {unknown}
Books
 c - a book of Maledictions

   Spells                             Type                      Level
   a - Corona                         Hexes                        1
   b - Ensorcelled Hibernation        Hexes/Ice                    2
   c - Confuse                        Hexes                        3
   d - Tukima's Dance                 Hexes                        3
   e - Dazzling Spray                 Conjuration/Hexes            3
 i - a book of Changes

   Spells                             Type                      Level
   a - Beastly Appendage              Transmutation                1
   b - Sticks to Snakes               Transmutation                2
   c - Spider Form                    Transmutation/Poison         3
   d - Ice Form                       Ice/Transmutation            4
   e - Blade Hands                    Transmutation                5
Comestibles
 d - a bread ration
 o - 2 royal jellies
 s - 2 fruits


   Skills:
 * Level 13.1 Short Blades
 + Level 4.8 Throwing
 + Level 12.3 Dodging
 * Level 17.8 Stealth
 * Level 14.1 Spellcasting
 + Level 6.0 Conjurations
 + Level 10.8 Hexes
 + Level 9.4 Transmutations
 + Level 6.9 Ice Magic
 + Level 7.2 Poison Magic
 + Level 7.1 Invocations


You had 19 spell levels left.
You knew the following spells:

 Your Spells              Type           Power        Failure   Level  Hunger
a - Corona                Hex            ######.      1%          1    None
b - Ensorcelled Hibernat  Hex/Ice        ######       1%          2    None
c - Confuse               Hex            ######..     1%          3    None
d - Tukima's Dance        Hex            ######..     1%          3    None
e - Dazzling Spray        Conj/Hex       ######..     3%          3    None
f - Spider Form           Trmt/Pois      ######....   3%          3    None
g - Ice Form              Ice/Trmt       ######..     5%          4    None


Dungeon Overview and Level Annotations

Branches:
Dungeon (1/1)

Altars:
Cheibriados
Dithmenos
Elyvilon
Fedhas
Gozag
Kikubaaqudgha
Makhleb
Nemelex Xobeh
Okawaru
Qazlal
Ru
Sif Muna
Trog
Vehumet
Xom
Yredelemnul
Zin
The Shining One
Jiyva
Lugonu


Innate Abilities, Weirdness & Mutations

You are tiny and cannot use many weapons and most armour.
You have supernaturally acute eyesight.
You are a herbivore.
You cover ground extremely quickly.
You need consume almost no food.
You are partially covered in iridescent scales (AC +4).
You tend to lose your temper in combat.
You are somewhat resistant to further mutation.
You are resistant to electric shocks.
Your spells are a little harder to cast, but a little more powerful.


Message History

You perforate the orc high priest like a sieve!!!
The orc high priest is severely wounded.
The orc high priest mumbles some strange prayers to Beogh.
Casting: Ensorcelled Hibernation
Confirm with . or Enter, or press ? or * to list all spells.
Aiming: Confuse
Press: ? - help, Shift-Dir - straight line, f/p - orc high priest
Aim: an orc high priest, wielding a hand axe and wearing a leather armour (lightly wounded, umbra, chance to defeat MR: 47%)
The orc high priest resists with some effort.
The orc high priest completely misses you.
The chaos spawn barely misses you. The hellwing misses you.
The hellwing completely misses you.
The orc high priest completely misses you. x2
The red devil misses you.
The orc high priest hits you but does no damage.
Casting: Confuse
Confirm with . or Enter, or press ? or * to list all spells.
You don't know that spell.
You hit the red devil but do no damage. The chaos spawn gores you!!
You die...

♣♣♣♣♣♣♣♣♣♣♣♣PP##.#.#.##
♣♣♣##'######## ♣♣
#...'.≈§≈§# .##
#...#.§≈≈≈# #.#
#).)#.#§≈≈# .##+
#####.# ≈≈≈# ...#
#.PP..# ≈≈≈≈ #.)#


#ooPPP# ≈≈≈ #### #3@.PP# ≈≈ #44ooP# ≈ #+##### You could see 4 orc high priests,
a hellwing, a chaos spawn and a red devil.

Vanquished Creatures
  Rupert (D)
  Harold (D)
  Maud (D)
  Snorg (D)
  A centaur warrior (D)
  An unseen horror (D)
  Joseph (D)
  A lindwurm (D)
  2 spiny frogs (D)
  3 wandering mushrooms (D)
  A komodo dragon (D)
  A fire drake (D)
  A deep elf priest (D)
  6 blink frogs (D)
  A shadow (D)
  3 redbacks (D)
  A spatial vortex (D)
  A necrophage (D)
  A swamp drake (D)
  2 centaurs (D)
  An earth elemental (D)
  A water elemental (D)
  2 brain worms (D)
  A jelly (D)
  Jessica (D)
  A necromancer (D)
  A wizard (D)
  3 humans (D)
  A kobold demonologist (D)
  A phantom (D)
  2 rats (D)
46 creatures vanquished.

Vanquished Creatures (others)
  2 draconian scorchers (D)
  2 yaktaurs (D)
  6 plants (D)
10 creatures vanquished.

Grand Total: 56 creatures vanquished

Notes
Turn   | Place    | Note
--------------------------------------------------------------
     0 | D        | Kidiri the Spriggan Enchanter began the quest for the Orb.
     0 | D        | Reached XP level 1. HP: 9/9 MP: 5/5
    27 | D        | Noticed Jessica
   153 | D        | Killed a yaktaur
   161 | D        | Killed a yaktaur
   170 | D        | Killed a white draconian scorcher
   190 | D        | Killed a white draconian scorcher
   193 | D        | Killed Jessica
   193 | D        | Reached skill level 6 in Stealth
   193 | D        | Reached XP level 2. HP: 13/13 MP: 6/8
   197 | D        | Learned a level 2 spell: Ensorcelled Hibernation
   574 | D        | Reached XP level 3. HP: 16/16 MP: 7/10
   579 | D        | Learned a level 3 spell: Confuse
   653 | D        | Learned a level 3 spell: Tukima's Dance
   654 | D        | Gained mutation: You are resistant to electric shocks. [potion of mutation]
   654 | D        | Gained mutation: You tend to lose your temper in combat. [potion of mutation]
   654 | D        | Gained mutation: Your spells are a little harder to cast, but a little more powerful. [potion of mutation]
   655 | D        | Gained mutation: You are partially covered in iridescent scales (AC +4). [potion of mutation]
   655 | D        | Gained mutation: You are somewhat resistant to further mutation. [potion of mutation]
   661 | D        | Noticed a water elemental
   673 | D        | Killed a water elemental
   673 | D        | Reached skill level 5 in Dodging
   673 | D        | Reached skill level 8 in Stealth
   673 | D        | Reached skill level 5 in Spellcasting
   673 | D        | Reached skill level 5 in Hexes
   673 | D        | Reached skill level 1 in Ice Magic
   673 | D        | Reached XP level 4. HP: 21/21 MP: 7/12
   761 | D        | Learned a level 3 spell: Dazzling Spray
   834 | D        | Noticed a jelly
   835 | D        | Noticed a shadow
   840 | D        | Killed a jelly
   840 | D        | Reached skill level 5 in Short Blades
   840 | D        | Reached XP level 5. HP: 24/24 MP: 12/14
   845 | D        | Killed a shadow
   845 | D        | Reached skill level 10 in Stealth
   845 | D        | Reached skill level 1 in Conjurations
   845 | D        | Reached XP level 6. HP: 28/28 MP: 9/17
   897 | D        | Found a stormy altar of Qazlal.
   897 | D        | Found a sacrificial altar of Ru.
   897 | D        | Found a burning altar of Makhleb.
   897 | D        | Found a shimmering altar of Xom.
   897 | D        | Noticed a spatial vortex
   898 | D        | Killed a spatial vortex
   898 | D        | Reached skill level 11 in Stealth
   899 | D        | Found a viscous altar of Jiyva.
   899 | D        | Found a shadowy altar of Dithmenos.
   899 | D        | Found a sparkling altar of Nemelex Xobeh.
   899 | D        | Found a corrupted altar of Lugonu.
   899 | D        | Found an opulent altar of Gozag.
   904 | D        | Became a worshipper of Dithmenos the Shadowed
   928 | D        | Found a radiant altar of Vehumet.
   929 | D        | Found a deep blue altar of Sif Muna.
   929 | D        | Found an ancient bone altar of Kikubaaqudgha.
   929 | D        | Noticed a wizard
   930 | D        | Killed a wizard
   944 | D        | Learned a level 3 spell: Spider Form
   953 | D        | Found a glowing silver altar of Zin.
   954 | D        | Found a glowing golden altar of the Shining One.
   954 | D        | Found a white marble altar of Elyvilon.
   954 | D        | Noticed a deep elf priest
   960 | D        | Killed a deep elf priest
   960 | D        | Reached skill level 1 in Poison Magic
   960 | D        | Reached skill level 1 in Invocations
   960 | D        | Reached XP level 7. HP: 10/32 MP: 13/20
  1282 | D        | Found an iron altar of Okawaru.
  1282 | D        | Found a bloodstained altar of Trog.
  1282 | D        | Noticed a human
  1282 | D        | Noticed a human
  1285 | D        | Killed a human
  1285 | D        | Reached skill level 12 in Stealth
  1286 | D        | Killed a human
  1302 | D        | Found a basalt altar of Yredelemnul.
  1302 | D        | Found a snail-covered altar of Cheibriados.
  1302 | D        | Found a blossoming altar of Fedhas.
  1302 | D        | Noticed a necrophage
  1302 | D        | Noticed a necromancer
  1304 | D        | Killed a necromancer
  1304 | D        | Acquired Dithmenos's first power
  1305 | D        | Killed a necrophage
  1305 | D        | Reached XP level 8. HP: 36/36 MP: 22/22
  1325 | D        | Noticed Snorg
  1328 | D        | Killed Snorg
  1328 | D        | Reached skill level 13 in Stealth
  1328 | D        | Reached skill level 10 in Spellcasting
  1334 | D        | Learned a level 4 spell: Ice Form
  1337 | D        | Noticed an earth elemental
  1340 | D        | Killed an earth elemental
  1345 | D        | Noticed a centaur
  1345 | D        | Noticed a centaur warrior
  1345 | D        | Noticed a centaur
  1350 | D        | Killed a centaur warrior
  1350 | D        | Reached skill level 10 in Short Blades
  1350 | D        | Reached skill level 14 in Stealth
  1350 | D        | Reached skill level 5 in Transmutations
  1350 | D        | Reached skill level 5 in Ice Magic
  1350 | D        | Reached XP level 9. HP: 39/39 MP: 21/25
  1360 | D        | Killed a centaur
  1360 | D        | Acquired Dithmenos's second power
  1364 | D        | Killed a centaur
  1364 | D        | Reached skill level 10 in Dodging
  1442 | D        | Noticed an unseen horror
  1444 | D        | Killed an unseen horror
  1457 | D        | Noticed Harold
  1457 | D        | Noticed Joseph
  1460 | D        | Killed Harold
  1460 | D        | Reached skill level 15 in Stealth
  1460 | D        | Reached skill level 5 in Poison Magic
  1460 | D        | Reached skill level 5 in Invocations
  1460 | D        | Reached XP level 10. HP: 44/44 MP: 21/27
  1462 | D        | Killed Joseph
  1497 | D        | Noticed an orc high priest
  1497 | D        | Noticed an orc high priest
  1506 | D        | Noticed a wandering mushroom
  1511 | D        | Noticed a wandering mushroom
  1514 | D        | Killed a wandering mushroom
  1514 | D        | Reached skill level 5 in Conjurations
  1515 | D        | Noticed a wandering mushroom
  1520 | D        | Killed a wandering mushroom
  1520 | D        | Reached skill level 16 in Stealth
  1523 | D        | Killed a wandering mushroom
  1523 | D        | Reached skill level 1 in Throwing
  1550 | D        | Noticed a spiny frog
  1550 | D        | Noticed a komodo dragon
  1550 | D        | Noticed a spiny frog
  1552 | D        | Killed a spiny frog
  1553 | D        | Killed a spiny frog
  1553 | D        | Acquired Dithmenos's third power
  1554 | D        | Killed a komodo dragon
  1577 | D        | Noticed a redback
  1579 | D        | Killed a redback
  1579 | D        | Reached skill level 10 in Hexes
  1580 | D        | Noticed a brain worm
  1582 | D        | Killed a brain worm
  1593 | D        | Noticed a brain worm
  1595 | D        | Killed a brain worm
  1601 | D        | Noticed a lindwurm
  1603 | D        | Noticed a redback
  1604 | D        | Killed a lindwurm
  1606 | D        | Killed a redback
  1611 | D        | Noticed a redback
  1612 | D        | Killed a redback
  1612 | D        | Acquired Dithmenos's fourth power
  1612 | D        | Reached XP level 11. HP: 47/47 MP: 29/29
  1613 | D        | Noticed Maud
  1615 | D        | Killed Maud
  1615 | D        | Reached skill level 17 in Stealth
  1648 | D        | Noticed a swamp drake
  1648 | D        | Noticed a fire drake
  1649 | D        | Killed a fire drake
  1651 | D        | Killed a swamp drake
  1657 | D        | Noticed a blink frog
  1657 | D        | Noticed a blink frog
  1658 | D        | Noticed a blink frog
  1659 | D        | Killed a blink frog
  1660 | D        | Noticed a blink frog
  1661 | D        | Killed a blink frog
  1662 | D        | Noticed a blink frog
  1667 | D        | Killed a blink frog
  1671 | D        | Killed a blink frog
  1694 | D        | Killed a blink frog
  1792 | D        | Noticed Rupert
  1794 | D        | Killed Rupert
  1804 | D        | Noticed a death yak
  1805 | D        | Noticed a death yak
  1805 | D        | Noticed a blink frog
  1807 | D        | Noticed an azure jelly
  1807 | D        | Noticed an azure jelly
  1807 | D        | Noticed a death yak
  1807 | D        | Noticed a blink frog
  1807 | D        | Noticed an azure jelly
  1807 | D        | Noticed an azure jelly
  1807 | D        | Noticed a blink frog
  1807 | D        | Noticed a death yak
  1955 | D        | Killed a blink frog
  2249 | D        | Noticed an orc high priest
  2249 | D        | Noticed an orc high priest
  2256 | D        | Demolished by a chaos spawn

Vault maps used:
D:        dungeon_sprint_mu

Action                   |  1- 3 |  4- 6 |  7- 9 | 10-12 || total
-------------------------+-------+-------+-------+-------++-------
Melee: Dagger            |    25 |    10 |    15 |    47 ||    97
 Cast: Ensorcelled Hiber |     2 |     2 |     5 |    12 ||    21
       Corona            |     1 |       |       |     1 ||     2
       Confuse           |     3 |     2 |     1 |    15 ||    21
Invok: Shadow Step       |       |       |     1 |     6 ||     7
  Use: Potion            |     3 |       |       |       ||     3
       Scroll            |     2 |       |       |     1 ||     3
 Stab: Sleeping          |     3 |     4 |    10 |    18 ||    35
       Distracted        |     1 |       |       |       ||     1
       Confused          |     1 |     2 |     1 |     5 ||     9
